 Dungeon Crawl Stone Soup version 0.26.1 (webtiles) character file.

Game seed: 15912678068303803434

92 windgrace the Chucker (level 4, -10/42 HPs)
             Began as a Troll Hunter on Feb 7, 2021.
             Killed by divine providence
             ... invoked by an orc priest
              (16 damage)
             ... on level 2 of the Dungeon.
             The game lasted 00:12:33 (876 turns).

windgrace the Chucker (Troll Hunter)                 Turns: 876, Time: 00:12:34

Health: -10/42     AC:  7    Str: 21    XL:     4   Next: 35%
Magic:  3/3        EV: 10    Int:  7    God:
Gold:   27         SH:  0    Dex: 10    Spells: 3/3 levels left

rFire    . . .     SeeInvis .   d - +0 flail
rCold    . . .     Faith    .   (no shield)
rNeg     . . .     Spirit   .   b - +0 robe
rPois    .         Reflect  .   (helmet restricted)
rElec    .         Harm     .   f - +0 cloak
rCorr    .         Rampage  .   (gloves unavailable)
Will     .....                  (boots unavailable)
Stlth    +.........             (no amulet)
HPRegen  0.54/turn              (no ring)
MPRegen  0.08/turn              (no ring)

@: no status effects
A: large, unfitting armour, claws 3, regeneration 1, shaggy fur 1, tough skin 3
a: no special abilities


You were on level 2 of the Dungeon.
You visited 1 branch of the dungeon, and saw 3 of its levels.

You collected 27 gold pieces.

Inventory:

Hand Weapons
 a - a +0 short sword
 d - a +0 flail (weapon)
 h - a +0 club
Missiles
 c - 5 large rocks (quivered)
 e - 16 stones
 g - 15 arrows
 i - 23 bolts
Armour
 b - a +0 robe (worn)
 f - a +0 cloak (worn)
 j - a +0 chain mail


   Skills:
 + Level 2.1 Fighting
 + Level 0.1 Maces & Flails
 + Level 4.5 Throwing
 + Level 2.4 Dodging
 + Level 0.4 Stealth


You had 3 spell levels left.
You didn't know any spells.
Your spell library was empty.

Dungeon Overview and Level Annotations

Branches:
Dungeon (3/15)

Altars:


Innate Abilities, Weirdness & Mutations

You are too large for most types of armour.
You have claws for hands.
Your natural rate of healing is unusually fast.
You are covered in fur. (AC +1)
You have extremely tough skin. (AC +3)


Message History

The worm struggles against the net.
The orc priest hits you but does no damage.
You closely miss the giant cockroach.
The giant cockroach is heavily wounded.
The giant cockroach bites you but does no damage.
The orc priest hits you.
* * * LOW HITPOINT WARNING * * *
The worm struggles against the net.
The giant cockroach barely misses you. The orc priest hits you.
* * * LOW HITPOINT WARNING * * *
You closely miss the giant cockroach.
The giant cockroach is heavily wounded.
The giant cockroach barely misses you. The orc priest barely misses you.
The worm struggles against the net.
The giant cockroach barely misses you.
You sock the giant cockroach!
You kill the giant cockroach!
The orc priest completely misses you.
The worm struggles against the net.
The orc priest calls down the wrath of Beogh upon you.
Beogh smites you!
You die...

#.##.## # #.##.# #
#.##.# #
#.#############.##.#
#
#..............##.#
#
#.####.##..........#
#.#############
#.####†# #...wo@#
########


You could see a worm (caught) and an orc priest.

Vanquished Creatures
  Jessica (D:3)
  Terence (D:2)
  2 adders (D:2)
  An ooze (D:2)
  A leopard gecko (D:2)
  An orc (D:2)
  A ball python (D:2)
  A bat (D:2)
  3 giant cockroaches
  2 hobgoblins (D:2)
  A kobold (D:2)
  7 rats
22 creatures vanquished.

Notes
Turn   | Place    | Note
-------+----------+-------------------------------------------
     0 | D:1      | windgrace the Troll Hunter began the quest for the Orb.
     0 | D:1      | Reached XP level 1. HP: 19/19 MP: 0/0
   189 | D:2      | Reached skill level 4 in Throwing
   189 | D:2      | Reached XP level 2. HP: 28/28 MP: 1/1
   555 | D:2      | Reached XP level 3. HP: 18/35 MP: 2/2
   729 | D:3      | Noticed Jessica
   729 | D:3      | Noticed Terence
   768 | D:2      | HP: 1/35 [Terence/+0 flail (4)]
   769 | D:2      | Killed Terence
   842 | D:3      | Killed Jessica
   843 | D:3      | Reached XP level 4. HP: 38/42 MP: 3/3
   876 | D:2      | Killed from afar by an orc priest

Illustrated notes

Levels and vault maps discovered:
D:1:      dpeg_arrival_prison, layout_basic, serial_bayou_pond_b, moated_statue
D:2:      layout_loops_ring, st_stairs_3
D:3:      layout_rooms, uniq_jessica, uniq_terence

Skill      XL: |  1  2 |
---------------+-------+-----
Throwing       | 4 |  4.5
Fighting       | 2 |  2.1
Dodging        | 2 |  2.4
Maces & Flails | |  0.1
Stealth        | |  0.4

Action                   |  1- 3 |  4- 6 || total
-------------------------+-------+-------++-------
Melee: Short sword       |    19 |       ||    19
       Club              |    81 |       ||    81
       Flail             |       |    21 ||    21
Throw: Large rock        |     9 |       ||     9
       Stone             |     6 |       ||     6
       Throwing net      |     2 |     1 ||     3
  Use: Scroll            |     1 |       ||     1
Armor: Robe              |    51 |    19 ||    70
Dodge: Dodged            |    60 |    33 ||    93
